Unix NetHack Version 5.0.0-0 post-release - last build May 31 2026 23:59:36 (970b52f25bf058293b47ddfd14a1e40e571c508c,branch:main).

Game began 2026-06-09 12:34:27, ended 2026-06-09 13:11:45.

FutureTim, lawful female human Valkyrie

                        --------------------------------#
                        |.........)....................|#
                        |...-----+------.----..-----...|#
                        |...|(((|      |.|  ----   |...-##
                      ##....|(((|     .-.+         |...|#
                       #|...|...|-------.----      |...|#
                       #|...---|-...........-+---- -...|#
                      ##|......).......................|#
                        |........{.--|---- {...........|#
                        |..........|.....|    .........|#           -----
                        |...--|--..|.....|    -- --....|#           +...|
                        |...|...--||.@@..|        ----.|#           |...|
                        +...|+++| .|...d.|           +.|############...<|
                        |...|++?| .|------           |.|#           -|---
                        |...--------                 -.|##
                        |...                          .|
                        -----                        ---

FutureTim the Fighter       St:12 Dx:12 Co:18 In:8 Wi:8 Ch:11  Lawful
Dlvl:6  $:26 HP:0(58) Pw:15(15) AC:0  Xp:6 T:2699 

Latest messages:
 This carrot is delicious!
 What do you want to eat? [p or ?*] j
 You don't have that object.
 What do you want to eat? [p or ?*] <enter>
 Never mind.
 This door is locked.
 Unlock it with your key? [ynq] (q) y
 You succeed in unlocking the door.
 The door resists!
 The door resists!
 The door opens.
 Are you sure you want to pray? [yn] (n) y
 You begin praying to Tyr.
 You are surrounded by a shimmering light.
 You hear someone praising Loki.
 You finish your prayer.
 You feel that Tyr is well-pleased.
 Are you sure you want to pray? [yn] (n) y
 You begin praying to Loki.
 You finish your prayer.
 The voice of Tyr rings out: 
 "Thou art arrogant, mortal."
 "Thou must relearn thy lessons!"
 You feel foolish!
 Farvel level 7.
 You feel slow!
 Are you sure you want to pray? [yn] (n) n
 Are you sure you want to pray? [yn] (n) y
 You begin praying to Loki.
 You finish your prayer.
 You feel that Tyr is displeased.
 Are you sure you want to pray? [yn] (n) y
 You begin praying to Loki.
 You finish your prayer.
 The voice of Tyr booms out: "Thou hast angered me."
 A black glow surrounds you.
 You feel a malignant aura surround you.
 Are you sure you want to pray? [yn] (n) y
 You begin praying to Loki.
 You finish your prayer.
 The voice of Tyr booms: "Thou hast angered me."
 A black glow surrounds you.
 You feel a malignant aura surround you.
 Are you sure you want to pray? [yn] (n) y
 You begin praying to Loki.
 You finish your prayer.
 The voice of Tyr booms out: "Thou hast angered me."
 Suddenly, a bolt of lightning strikes you!
 You fry to a crisp!
 Do you want your possessions identified? [ynq] (y) q

Inventory:
 Coins    ('$')
  $ - 26 gold pieces
 Weapons  (')')
  D - 5 +0 darts
  b - 6 +0 daggers (at the ready)
  w - a +1 spear (weapon in right hand)
 Armor    ('[')
  c - a cursed +3 small shield (being worn)
  t - a cursed +1 cloak of invisibility
  A - an uncursed +0 dwarvish cloak (being worn)
  e - a blessed +1 elven mithril-coat (being worn)
 Comestibles  ('%')
  p - 2 uncursed tripe rations
 Wands    ('/')
  E - a wand of light (0:14)
  g - a wand of speed monster (0:6)
 Tools    ('(')
  v - a cursed credit card
  y - a cursed lock pick
  k - a cursed skeleton key

FutureTim the Valkyrie's attributes:

Background:
 You were a Fighter, a level 6 human Valkyrie.
 You were lawful, on a mission for Tyr
 who was opposed by Odin (neutral) and Loki (chaotic).
 You were right-handed.
 You were in the Gnomish Mines, on level 6.
 You entered the dungeon 2699 turns ago.
 You had 639 experience points, 1 more was needed to attain level 7.

Basics:
 You had 0 out of 58 hit points.
 You had all 15 energy points (spell power).
 Your armor class was 0.
 Your wallet contained 26 zorkmids.
 Autopickup was off.

Final Characteristics:
 Your strength was 12 (peak:18, limit:18/100).
 Your dexterity was 12 (limit:18).
 Your constitution was 18 (limit:18).
 Your intelligence was 8 (limit:18).
 Your wisdom was 8 (peak:9, limit:18).
 Your charisma was 11 (limit:18).

Final Status:
 You weren't hungry.
 You were unencumbered.
 You were wielding a spear.
 You were skilled in spear.

Final Attributes:
 You were piously aligned.
 Your items were somewhat protected from fire.
 You were cold resistant.
 Your items were somewhat protected from cold.
 You were telepathic.
 You were stealthy.
 You were guarded.
 You were extremely unlucky.
 Tyr was very angry with you.
 You are dead.

Miscellaneous:
 You didn't encounter any bones levels.
 Total elapsed playing time was 37 minutes and 16 seconds.

Major events:
 Turn
    1: FutureTim the lawful human Valkyrie entered the dungeon
  794: attained the rank of Skirmisher (level 3)
 1265: entered the Gnomish Mines
 2502: reached Mine Town
 2503: attained the rank of Fighter (level 6)
 2699: killed by the wrath of Tyr

You didn't know any spells.

Skills:
 Fighting Skills
   bare handed combat [Unskilled]
   two weapon combat  [Unskilled]
   riding             [Unskilled]
 Weapon Skills
   dagger             [Basic]
   axe                [Unskilled]
   pick-axe           [Unskilled]
   short sword        [Unskilled]
   broadsword         [Unskilled]
   long sword         [Unskilled]
   two-handed sword   [Unskilled]
   saber              [Unskilled]
   hammer             [Unskilled]
   quarterstaff       [Unskilled]
   polearms           [Unskilled]
   spear              [Skilled]
   trident            [Unskilled]
   lance              [Unskilled]
   sling              [Unskilled]
 Spellcasting Skills
   attack spells      [Unskilled]
   escape spells      [Unskilled]

Voluntary challenges:
 Character rerolling was not enabled.
 You never genocided any monsters.
 You never polymorphed an object.
 You never changed form.
 You used no wishes.
Achievements:
 You attained the rank of Skirmisher.
 You entered a shop.
 You entered the Gnomish Mines.
 You entered Minetown.
 You attained the rank of Fighter.
 You entered a temple.

 The Dungeons of Doom: levels 1 to 3
    Level 1:
    Level 2:
    Level 3:
       A general store, a fountain, some sinks, a grave.
       Stairs down to The Gnomish Mines.
 The Gnomish Mines: levels 4 to 6
    Level 4:
    Level 5:
    Level 6: <- You were here.
       A tool shop, a temple and an altar, some fountains.
       Final resting place for
          you, killed by the wrath of Tyr.


Vanquished creatures:
  a small mimic
  a housecat
  a blue jelly
  a human zombie
 an imp
  3 gnome leaders
  2 gnomish wizards
  2 giant ants
  2 floating eyes
  a homunculus
  2 kobold leaders
  a rothe
  2 iguanas
 an acid blob
  3 hobbits
  2 giant rats
  4 cave spiders
  a brown mold
  a yellow mold
 19 gnomes
  9 geckos
  a jackal
  a fox
  a kobold
  a goblin
  3 sewer rats
  4 grid bugs
  3 bats
  4 lichens
  a kobold zombie
  4 newts
83 creatures vanquished.

No species were genocided or became extinct.

Game over:
                       ----------
                      /          \
                     /    REST    \
                    /      IN      \
                   /     PEACE      \
                  /                  \
                  |    FutureTim     |
                  |      26 Au       |
                  |  killed by the   |
                  |   wrath of Tyr   |
                  |                  |
                  |                  |
                  |       2026       |
                 *|     *  *  *      | *
        _________)/\\_//(\/(/\)/\//\/|_)_______

Farvel FutureTim the Valkyrie...

You died in The Gnomish Mines on dungeon level 6 with 2120 points,
and 26 pieces of gold, after 2699 moves.
You were level 6 with a maximum of 58 hit points when you died.

